Unix NetHack Version 3.7.0-71 Work-in-progress - last build Jan 31 2023 02:41:03 (7ba98a1283f2b7cec35fde026edb48fc825ab8ae,branch:master). Game began 2023-02-05 11:08:56, ended 2023-02-05 13:26:38. nmlkj, chaotic male human Wizard --.----- -- ---- #@###...[.... |.......###d #|......| |... ### |......| | ## -------- Nmlkj the Thaumaturge St:12 Dx:12 Co:15 In:18 Wi:11 Ch:9 Chaotic S:2500 Dlvl:8 $:450 HP:0(43) Pw:6(54) AC:9 Xp:6/425 T:4034 Latest messages: You finish eating the food ration. There is an open door here. You see here a crude dagger. You attack thin air. You hit the gray ooze! You hit the gray ooze. You hit the gray ooze. You hit the gray ooze. The gray ooze bites! In what direction? l The spell hits it. You kill it! Something is written here in the dust. You read: "E|bere?r". You are in full health. You descend the stairs. There is a staircase up to level 7 here. You see here an uncursed +0 cloak of magic resistance. $ - 51 gold pieces (450 in total). You hear someone counting gold coins. You miss the snake. The snake bites! The snake's bite was poisoned! In what direction? l The spell hits the snake! The snake bites! In what direction? l The spell hits the snake! You kill the snake! You don't have enough energy to cast that spell. You hear some noises. It hits the wolf. It bites the wolf. The wolf bites! You hit the wolf! It misses the wolf. It misses the wolf. The wolf bites! You hit the wolf. It hits the wolf. It bites the wolf. The wolf misses it. The wolf bites! It misses the wolf. It misses the wolf. You hit the wolf! It misses the wolf. It misses the wolf. The wolf bites! You die... Inventory: Coins $ - 450 gold pieces Weapons C - a +0 elven dagger D - a corroded +0 spear L - a +0 aklys a - a blessed +1 quarterstaff (weapon in hands) Armor r - an uncursed +0 orcish helm (being worn) s - an uncursed +0 orcish helm Comestibles p - an uncursed fortune cookie x - 3 uncursed tripe rations n - an uncursed egg N - an uncursed lichen corpse Scrolls o - an uncursed scroll of amnesia i - an uncursed scroll of confuse monster F - an uncursed scroll of create monster A - 2 uncursed scrolls of identify j - a blessed scroll of light z - an uncursed scroll of light H - a blessed scroll of remove curse k - an uncursed scroll of remove curse I - an uncursed scroll of scare monster Spellbooks m - an uncursed spellbook of cause fear l - a blessed spellbook of force bolt Potions h - an uncursed potion of blindness t - an uncursed potion of gain ability v - an uncursed potion of hallucination f - an uncursed potion of oil y - an uncursed potion of paralysis g - an uncursed potion of sickness M - an uncursed potion of sleeping Rings G - an uncursed ring of fire resistance (on left hand) d - an uncursed +1 ring of increase accuracy e - an uncursed ring of teleportation Wands c - a wand of magic missile (0:8) E - a wand of make invisible (0:6) O - a wand of sleep (0:7) Tools w - a cursed leash q - an uncursed oil lamp Nmlkj the Wizard's attributes: Background: You were a Thaumaturge, a level 6 male human Wizard. You were chaotic, on a mission for Anhur who was opposed by Ptah (lawful) and Thoth (neutral). You were in the Dungeons of Doom, on level 8. You entered the dungeon 4034 turns ago. There was a full moon in effect when your adventure ended. You had 425 experience points, 215 more were needed to attain level 7. Your score was 2500 before end-of-game adjustments. Basics: You had 0 out of 43 hit points. You had 6 out of 54 energy points (spell power). Your armor class was 9. Your wallet contained 450 zorkmids. Autopickup was on for '$' plus thrown. Final Characteristics: Your strength was 12 (limit:18/100). Your dexterity was 12 (limit:18). Your constitution was 15 (limit:18). Your intelligence was 18 (limit:18). Your wisdom was 11 (limit:18). Your charisma was 9 (limit:18). Final Status: You were not hungry. You were unencumbered. You were wielding a quarterstaff. You had basic skill with quarterstaff and could have enhanced that. Final Attributes: You were piously aligned. You were fire resistant. Your items were protected from fire. You were telepathic. You were lucky. You are dead. Miscellaneous: You disabled loading of bones levels. Total elapsed playing time was 48 minutes and 18 seconds. Major events: Turn 1: nmlkj the chaotic male human Wizard entered the dungeon 890: attained the rank of Conjurer (level 3) 3522: attained the rank of Thaumaturge (level 6) 4034: killed by a wolf Vanquished creatures: a quivering blob a leprechaun a gold golem a gnome mummy a snake an Uruk-hai a rock piercer a shrieker a gnome leader a gray ooze a ghoul a floating eye 3 rothes a rabid rat a centipede 4 giant bats 2 orc zombies a dwarf zombie 2 wererats an iguana an acid blob a hobbit 3 manes a large kobold a hobgoblin a giant rat a yellow mold 4 gnomes a gnome zombie 6 geckos 6 jackals a kobold 4 goblins 9 sewer rats 6 grid bugs 4 lichens 3 kobold zombies 5 newts 85 creatures vanquished. No species were genocided or became extinct. Voluntary challenges: You read items or engraved 3 times. You engraved Elbereth 2 times. You never genocided any monsters. You never polymorphed an object. You used no wishes. Achievements: You attained the rank of Conjurer. You entered a shop. You attained the rank of Thaumaturge. The Dungeons of Doom: levels 1 to 8 Level 1: An altar. Level 2: Level 3: A general store, a fountain. Level 4: A potion shop. Level 5: Level 6: Level 7: Many fountains. Level 8: <- You were here. Final resting place for you, killed by a wolf. Game over: ---------- / \ / REST \ / IN \ / PEACE \ / \ | nmlkj | | 450 Au | | killed by a wolf | | | | | | | | 2023 | *| * * * | * _________)/\\_//(\/(/\)/\//\/|_)_______ Goodbye nmlkj the Wizard... You died in The Dungeons of Doom on dungeon level 8 with 2455 points, and 450 pieces of gold, after 4034 moves. You were level 6 with a maximum of 43 hit points when you died.